 Dungeon Sprint DCSS version 0.19-a0-1937-g70ed36a (webtiles) character file.

563668 Groucho the End of an Era (level 21, 125/244 HPs)
             Began as a Deep Dwarf Fighter on Oct 27, 2016.
             Was the Champion of Qazlal.
             Escaped with the Orb!
             The game lasted 00:46:33 (10146 turns).

Groucho the End of an Era (Deep Dwarf Fighter)     Turns: 10146, Time: 00:46:34

Health: 125/244    AC: 47    Str: 31    XL:     21   Next: 1%
Magic:  60/60      EV: 31    Int: 10    God:    Qazlal [******]
Gold:   0          SH: 47    Dex: 24    Spells: 0 memorised, 74 levels left

rFire  + + .     SeeInvis +     L - +14 obsidian axe {chop, +Fly SInv *Curse} (curse)
rCold  + . .     Gourm    .     K - +9 gold dragon scales
rNeg   + + +     Faith    .     N - +18 shield of the Gong {rElec rN+ MR+ EV-5}
rPois  +         Spirit   .     n - +1 helmet {SInv}
rElec  +         Reflect  .     S - +2 ratskin cloak {rPois rN+ Int-1 Dex-1}
rCorr  .         Harm     .     c - +2 pair of gloves {archery}
MR     ++++.     NoTele   +     (no boots)
Stlth  ..........               b - macabre finger necklace {rN+}
                                Y - ring "Janomud" {rPois rF+ Str+8 Dex+4 Stlth-}
                                X - ring "Zesyng" {MP+9 Dex+4}
                                U - ring of Shaolin {EV+8}

@: non-regenerating, repel missiles
A: damage resistance, recharge devices, negative energy resistance 1, sense
surroundings 3, electricity resistance, slow regeneration 3
a: Device Recharging, Upheaval, Elemental Force, Disaster Area, Renounce
Religion, Evoke Flight
0: Orb of Zot


You escaped.
You worshipped Qazlal.
Qazlal was exalted by your worship.
You were not hungry.

You visited 1 branch

Inventory:

Hand Weapons
 L - the cursed +14 obsidian axe (weapon) {chop, +Fly SInv *Curse}
   (You found it in the Dungeon)

   It inflicts extra damage upon your enemies.
   It lets you see invisible.
   It lets you fly.
   It may re-curse itself when equipped.
   It has a curse placed upon it.
 T - the +10 sword of Jihad {holy, *Rage rN+ EV+3}
   (You found it in the Dungeon)

   It has been blessed by the Shining One to cause great damage to the undead
   and demons.
   It affects your evasion (+3).
   It protects you from negative energy.
   It may make you go berserk in combat.
Armour
 c - a +2 pair of gloves of archery (worn)
 n - a +1 helmet of see invisible (worn)
 K - +9 gold dragon scales (worn)
 M - the +15 Maxwell's patent armour {-Cast -Tele rElec MR+ rCorr}
   (You found it in the Dungeon)

   It insulates you from electricity.
   It affects your resistance to hostile enchantments.
   It prevents spellcasting.
   It prevents most forms of teleportation.
   It protects you from acid and corrosion.
 N - the +18 shield of the Gong (worn) {rElec rN+ MR+ EV-5}
   (You found it in the Dungeon)

   It affects your evasion (-5).
   It insulates you from electricity.
   It protects you from negative energy.
   It affects your resistance to hostile enchantments.
 S - the +2 ratskin cloak (worn) {rPois rN+ Int-1 Dex-1}
   (You found it in the Dungeon)

   It affects your intelligence (-1).
   It affects your dexterity (-1).
   It protects you from poison.
   It protects you from negative energy.
Jewellery
 b - the macabre finger necklace (around neck) {rN+}
   (You found it in the Dungeon)

   [amulet of nothing]

   It protects you from negative energy.
 P - the amulet of Vitality {Regen+ HP+15}
   (You found it in the Dungeon)

   [amulet of regeneration]

   It affects your health (+15).
   It increases your rate of regeneration.
 U - the ring of Shaolin (on amulet) {EV+8}
   (You found it in the Dungeon)

   [ring of evasion]

   It affects your evasion (+8).
 X - the ring "Zesyng" (left hand) {MP+9 Dex+4}
   (You found it in the Dungeon)

   [ring of magical power]

   It affects your dexterity (+4).
   It affects your magic capacity (+9).
 Y - the ring "Janomud" (right hand) {rPois rF+ Str+8 Dex+4 Stlth-}
   (You found it in the Dungeon)

   [ring of protection from fire]

   It affects your strength (+8).
   It affects your dexterity (+4).
   It protects you from fire.
   It protects you from poison.
   It makes you less stealthy.
Wands
 o - a wand of heal wounds (4/9)
 s - a wand of disintegration (7/24)
 t - a wand of iceblast (5/15)
 u - a wand of lightning (5/15)
 v - a wand of acid (5/15)
Scrolls
 l - 3 scrolls of blinking
 y - 4 scrolls of amnesia
 C - a scroll of recharging
 D - 8 scrolls of fog
 E - a scroll of holy word
 F - 5 scrolls of identify
 G - 5 scrolls of remove curse
 H - 2 scrolls of fear
 O - 9 scrolls of brand weapon
 W - 8 scrolls of enchant weapon
Potions
 a - 4 potions of heal wounds
 d - 8 potions of might
 g - 10 potions of curing
 i - 11 potions of haste
 j - 6 potions of magic
 k - 3 potions of berserk rage
 w - 2 potions of brilliance
 x - 2 potions of invisibility
 z - 4 potions of resistance
 A - a potion of experience
 B - 5 potions of agility
Miscellaneous
 R - 7 phantom mirrors
Comestibles
 f - 4 bread rations
 I - 40 fruits
 Z - 4 royal jellies


   Skills:
 O Level 27 Fighting
 O Level 27 Axes
 + Level 15.6 Throwing
 O Level 27 Armour
 O Level 27 Dodging
 O Level 27 Shields
 + Level 15.6 Unarmed Combat
 O Level 27 Spellcasting
 O Level 27 Invocations
 O Level 27 Evocations


You had 74 spell levels left.
You didn't know any spells.

Dungeon Overview and Level Annotations

Branches:
Dungeon (1/1)

Altars:
Ashenzari
Cheibriados
Dithmenos
Elyvilon
Fedhas
Gozag
Hepliaklqana
Kikubaaqudgha
Makhleb
Nemelex Xobeh
Okawaru
Qazlal
Ru
Sif Muna
Trog
Uskayaw
Vehumet
Xom
Yredelemnul
Zin
The Shining One
Beogh
Jiyva
Lugonu


Innate Abilities, Weirdness & Mutations

You are resistant to damage.
You can recharge devices by infusing magical energy.
You resist negative energy. (rN+)
You passively map a large area around you.
You do not regenerate.
You are resistant to electric shocks. (rElec)


Message History

Your red devil hits Oxtiduve but does no damage.
You slash Oxtiduve!
You are no longer entranced.
You kill Oxtiduve!
Qazlal accepts your kill.
The orange demon disappears in a puff of smoke!
You have reached level 21!
Your experience leads to an increase in your attributes!
Your base attributes are Str 23, Int 11, Dex 16.
Increase (S)trength, (I)ntelligence, or (D)exterity?
You feel agile.
Unknown command.
You start waiting.
Your red devil is struck by lightning. x2
You kill your red devil!
Unknown command.
You start waiting.
Unknown command.
There is a staircase leading out of the dungeon here.
You have escaped!

...[........▓.....)†|.....▓...8©8
.......=....▓..▓..)..[.▓..▓...|.:
.........)..▓.....).......▓..).=.
....).......▓.............▓.)....
............▓.............▓....[†
............▓▓▓▓▓▓▓▓▓▓▓▓▓▓▓....††
▓.......▓...▓8888888888888▓......
▓▓.....▓▓▓..▓8...§...[...8▓..▓...
▓.......▓...▓8.§@...))..)8▓......
............▓8..§........8▓......
............▓8888888888888▓▓▓▓▓▓▓
▓▓▓▓▓▓▓▓▓▓▓▓▓▓▓▓▓▓▓▓▓▓▓▓▓▓▓▓▓▓▓▓▓
.....8©8........▓...}....8©8.....
|:}:)..).}.)}|).▓...|.=)[...=....
|}.)....)|.:)|}.▓.\.[))."....=.).
})}.}.:.}.))|.).▓...))..).[......
................▓...))).)).)[.[.:


There were no monsters in sight!

Vanquished Creatures
  An orb of fire (D)
  5 ancient liches (D)
  A shard shrike (D)
  22 pandemonium lords (D)
  9 pearl dragons (D)
  A Brimstone Fiend (D)
  6 liches (D)
  2 Orb Guardians (D)
  3 Ice Fiends (D)
  A quicksilver dragon (D)
  3 Executioners (D)
  6 deep elf master archers (D)
  6 deep elf blademasters (D)
  An eldritch tentacle (D)
  2 tentacled starspawn (D)
  A shadow dragon (D)
  14 daevas (D)
  A fire giant (D)
  4 balrugs (D)
  A warmonger (D)
  2 cacodemons (D)
  An emperor scorpion (D)
  2 deep elf elementalists (D)
  4 deep elf sorcerers (D)
  11 angels (D)
  5 ghouls (D)
  7 reapers (D)
  2 entropy weavers (D)
  9 ophanim (D)
  A stone giant (D)
  4 vampire knights (D)
  13 apis (D)
  A black sun (D)
  5 deep elf annihilators (D)
  A green death (D)
  3 blizzard demons (D)
  3 merfolk impalers (D)
  13 deep elf high priests (D)
  A hydra (D)
  An ice dragon (D)
  10 vault guards (D)
  A monstrous demonspawn (D)
  A hell beast (D)
  A spriggan air mage (D)
  2 centaur warriors (D)
  2 merfolk aquamancers (D)
  An anaconda (D)
  2 vampire magi (D)
  8 hell hogs (D)
  5 dancing weapons (D)
  2 hell knights (D)
  A spriggan berserker (D)
  3 deep elf knights (D)
  A soul eater (D)
  4 skeletal warriors (D)
  A wretched star (D)
  3 sun demons (D)
  4 sixfirhies (D)
  A flayed ghost (D)
  A wizard (D)
  2 sea snakes (D)
  14 large abominations (D)
  5 cherubim (D)
  4 deep elf archers (D)
  3 shambling mangroves (D)
  A phantasmal warrior (D)
  A torturous demonspawn (D)
  9 necromancers (D)
  6 wolf spiders (D)
  2 fauns (D)
  An orc sorcerer (D)
  2 cyclopes (D)
  8 deep elf magi (D)
  A manticore (D)
  3 orb spiders (D)
  2 sirens (D)
  2 eyes of devastation (D)
  2 rust devils (D)
  A smoke demon (D)
  2 orange demons (D)
  2 spiny frogs (D)
  4 hellions (D)
  A komodo dragon (D)
  A yaktaur (D)
  A tormentor (D)
  A rime drake (D)
  A dryad (D)
  6 ice devils (D)
  A hellwing (D)
  5 starcursed masses (D)
  2 freezing wraiths (D)
  6 efreet (D)
  3 demonic crawlers (D)
  9 merfolk (D)
  4 red devils (D)
  A polar bear (D)
  3 raiju (D)
  A jumping spider (D)
  5 slime creatures (D)
  4 hornets (D)
  A wind drake (D)
  A snapping turtle (D)
  3 flying skulls (D)
  2 redbacks (D)
  4 tarantellas (D)
  4 ynoxinuls (D)
  2 wraiths (D)
  2 water elementals (D)
  4 air elementals (D)
  7 shadows (D)
  4 vampires (D)
  7 fire elementals (D)
  2 neqoxecs (D)
  2 golden eyes (D)
  2 chaos spawn (D)
  2 insubstantial wisps (D)
  2 floating eyes (D)
  2 water moccasins (D)
  6 hell hounds (D)
  A porcupine (D)
  2 eyes of draining (D)
  4 necrophages (D)
  2 centaurs (D)
  A crocodile (D)
  4 small abominations (D)
  12 wights (D)
  A crimson imp (D)
  5 quasits (D)
  4 jellies (D)
  An iron imp (D)
  5 shadow imps (D)
  13 white imps (D)
  6 oozes (D)
  5 adder zombies (D)
  12 adder skeletons (D)
  3 spectral bats (D)
  14 bat skeletons (D)
  15 bat zombies (D)
  A ball python skeleton (D)
  A ball python zombie (D)
  5 giant cockroach zombies (D)
  3 jackal skeletons (D)
  A jackal zombie (D)
  2 leopard gecko skeletons (D)
  4 leopard gecko zombies (D)
  6 quokka skeletons (D)
  2 quokka zombies (D)
  A spectral leopard gecko (D)
  A butterfly (D)
  10 crawling corpses (D)
  3 fire vortices (D)
  2 starspawn tentacles (D)
576 creatures vanquished.

Vanquished Creatures (collateral kills)
  A pandemonium lord (D)
  A vampire knight (D)
  A deep elf archer (D)
  A necromancer (D)
  A merfolk (D)
  A vampire (D)
6 creatures vanquished.

Vanquished Creatures (others)
  A spatial maelstrom (D)
  An ice devil (D)
  A large abomination (D)
  A small abomination (D)
  A white imp (D)
  2 bat skeletons (D)
7 creatures vanquished.

Grand Total: 589 creatures vanquished

Notes
Turn   | Place    | Note
-------+----------+-------------------------------------------
     0 | D        | Groucho the Deep Dwarf Fighter began the quest for the Orb.
     0 | D        | Reached XP level 1. HP: 20/20 MP: 1/1
     0 | D        | Found a deep blue altar of Sif Muna.
     0 | D        | Found a bloodstained altar of Trog.
     0 | D        | Found a sacrificial altar of Ru.
     0 | D        | Found a stormy altar of Qazlal.
     0 | D        | Found an iron altar of Okawaru.
     6 | D        | Found a sparkling altar of Nemelex Xobeh.
     7 | D        | Found a burning altar of Makhleb.
     7 | D        | Found a corrupted altar of Lugonu.
     7 | D        | Found an ancient bone altar of Kikubaaqudgha.
     7 | D        | Found a viscous altar of Jiyva.
    12 | D        | Became a worshipper of Qazlal Stormbringer
    16 | D        | Found a hazy altar of Hepliaklqana.
    16 | D        | Banished a spatial maelstrom
    26 | D        | Found a blossoming altar of Fedhas.
    28 | D        | Found an opulent altar of Gozag.
    83 | D        | Entered arena 1.
    83 | D        | Noticed an insubstantial wisp
    89 | D        | Killed an insubstantial wisp
    89 | D        | Reached skill level 5 in Axes
    89 | D        | Reached skill level 5 in Armour
    89 | D        | Reached skill level 5 in Shields
    89 | D        | Reached skill level 5 in Invocations
    89 | D        | Reached XP level 2. HP: 29/31 MP: 1/5
    89 | D        | Reached XP level 3. HP: 35/37 MP: 1/6
    89 | D        | Reached XP level 4. HP: 42/45 MP: 1/7
    94 | D        | Got the amulet of Apoutuhi {Gourm rElec rN+}
   444 | D        | Entered arena 2.
   444 | D        | Noticed a merfolk
   444 | D        | Noticed a merfolk
   444 | D        | Noticed a merfolk
   457 | D        | Killed a merfolk
   457 | D        | Reached XP level 5. HP: 20/55 MP: 7/10
   457 | D        | Reached XP level 6. HP: 23/62 MP: 7/11
   463 | D        | Killed a merfolk
   463 | D        | Reached * piety under Qazlal
   463 | D        | Killed a merfolk
   463 | D        | Reached XP level 7. HP: 26/72 MP: 8/14
   913 | D        | Entered arena 3.
   913 | D        | Noticed an air elemental
   913 | D        | Noticed a deep elf archer
   913 | D        | Noticed a deep elf mage
   913 | D        | Noticed a deep elf archer
   914 | D        | Noticed a redback
   920 | D        | Noticed a hellwing
   920 | D        | Killed an air elemental
   923 | D        | Killed a deep elf archer
   923 | D        | Reached ** piety under Qazlal
   923 | D        | Reached skill level 10 in Invocations
   923 | D        | Reached XP level 8. HP: 59/81 MP: 14/16
   924 | D        | Killed a deep elf mage
   924 | D        | Reached skill level 10 in Armour
   924 | D        | Reached skill level 10 in Shields
   926 | D        | Killed a deep elf archer
   926 | D        | Reached skill level 10 in Axes
   926 | D        | Gained mutation: You passively map the area around you. [Deep Dwarf growth]
   926 | D        | Reached XP level 9. HP: 66/91 MP: 14/17
   980 | D        | Entered arena 4.
   982 | D        | Reached *** piety under Qazlal
  1090 | D        | Entered arena 5.
  1090 | D        | Noticed a merfolk
  1090 | D        | Noticed a merfolk
  1090 | D        | Noticed a merfolk
  1090 | D        | Noticed a merfolk
  1090 | D        | Noticed a merfolk
  1095 | D        | Killed a merfolk
  1096 | D        | Killed a merfolk
  1096 | D        | Reached **** piety under Qazlal
  1097 | D        | Killed a merfolk
  1101 | D        | Killed a merfolk
  1104 | D        | Killed a merfolk
  1123 | D        | Entered arena 6.
  1123 | D        | Noticed a cyclops
  1123 | D        | Noticed a centaur warrior
  1123 | D        | Noticed a cyclops
  1123 | D        | Noticed a centaur warrior
  1125 | D        | Killed a cyclops
  1125 | D        | Reached skill level 10 in Fighting
  1126 | D        | Killed a cyclops
  1126 | D        | Reached XP level 10. HP: 56/102 MP: 10/19
  1126 | D        | Killed a centaur warrior
  1129 | D        | Killed a centaur warrior
  1476 | D        | Entered arena 7.
  1476 | D        | Noticed an eye of devastation
  1479 | D        | Reached ***** piety under Qazlal
  1488 | D        | Killed an eye of devastation
  1502 | D        | Entered arena 8.
  1502 | D        | Noticed a deep elf knight
  1502 | D        | Noticed a deep elf mage
  1502 | D        | Noticed a deep elf elementalist
  1502 | D        | Noticed a battleaxe of freezing
  1503 | D        | Killed a deep elf mage
  1504 | D        | Killed a deep elf knight
  1504 | D        | Reached skill level 15 in Armour
  1504 | D        | Killed a battleaxe of freezing
  1504 | D        | Reached skill level 15 in Invocations
  1504 | D        | Reached XP level 11. HP: 87/111 MP: 16/22
  1504 | D        | Reached ****** piety under Qazlal
  1505 | D        | Killed a deep elf elementalist
  1719 | D        | Entered arena 9.
  1887 | D        | Entered arena 10.
  1907 | D        | Entered arena 11.
  1907 | D        | Noticed a six-headed hydra
  1909 | D        | Killed a six-headed hydra
  1909 | D        | Reached skill level 15 in Shields
  1923 | D        | Entered arena 12.
  1923 | D        | Noticed a spriggan berserker
  1923 | D        | Noticed a spriggan air mage
  1923 | D        | Noticed a shambling mangrove
  1923 | D        | Noticed an anaconda
  1924 | D        | Noticed a shambling mangrove
  1924 | D        | Noticed a shambling mangrove
  1925 | D        | Noticed a death yak
  1925 | D        | Killed a spriggan berserker
  1925 | D        | Killed a spriggan air mage
  1925 | D        | Killed an anaconda
  1925 | D        | Reached XP level 12. HP: 99/126 MP: 14/24
  1925 | D        | Reached skill level 15 in Axes
  1954 | D        | Entered arena 13.
  2318 | D        | Entered arena 14.
  2319 | D        | Noticed a vault guard
  2319 | D        | Noticed a vault guard
  2319 | D        | Noticed a vault guard
  2319 | D        | Noticed a vault guard
  2319 | D        | Noticed a vault guard
  2319 | D        | Noticed a stone giant
  2319 | D        | Noticed a vault guard
  2319 | D        | Noticed a vault guard
  2319 | D        | Noticed a vault guard
  2319 | D        | Noticed a vault guard
  2320 | D        | Noticed a vault guard
  2320 | D        | Noticed a shadow dragon
  2321 | D        | Killed a vault guard
  2321 | D        | Killed a vault guard
  2321 | D        | Killed a vault guard
  2321 | D        | Killed a vault guard
  2321 | D        | Killed a vault guard
  2321 | D        | Killed a vault guard
  2321 | D        | Killed a vault guard
  2321 | D        | Killed a stone giant
  2321 | D        | Killed a vault guard
  2321 | D        | Killed a vault guard
  2321 | D        | Reached XP level 13. HP: 93/136 MP: 24/26
  2322 | D        | Killed a shadow dragon
  2650 | D        | Entered arena 15.
  2651 | D        | Noticed a merfolk impaler
  2651 | D        | Noticed a merfolk impaler
  2652 | D        | Noticed a merfolk impaler
  2657 | D        | Killed a merfolk impaler
  2657 | D        | Killed a merfolk impaler
  2659 | D        | Reached skill level 15 in Fighting
  2665 | D        | Killed a merfolk impaler
  2949 | D        | Entered arena 16.
  2986 | D        | Got the amulet of the Crown {Spirit rPois rF- rC+}
  2991 | D        | Entered arena 17.
  3036 | D        | Entered arena 18.
  3038 | D        | Noticed a ghoul
  3038 | D        | Noticed a ghoul
  3039 | D        | Noticed a vampire knight
  3049 | D        | Killed a ghoul
  3051 | D        | Killed a vampire knight
  3054 | D        | Killed a ghoul
  3114 | D        | Entered arena 19.
  3120 | D        | Noticed an emperor scorpion
  3120 | D        | Noticed an entropy weaver
  3121 | D        | Noticed an entropy weaver
  3123 | D        | Gained mutation: You resist negative energy. (rN+) [Deep Dwarf growth]
  3123 | D        | Reached XP level 14. HP: 130/148 MP: 28/28
  3123 | D        | Killed an entropy weaver
  3138 | D        | Killed an entropy weaver
  3139 | D        | Killed an emperor scorpion
  3159 | D        | Got the amulet "Folenk" {+Rage rElec}
  3349 | D        | Entered arena 20.
  3358 | D        | Noticed a balrug
  3359 | D        | Noticed a balrug
  3360 | D        | Noticed a balrug
  3363 | D        | Noticed a balrug
  3364 | D        | Killed a balrug
  3364 | D        | Killed a balrug
  3364 | D        | Killed a balrug
  3365 | D        | Noticed an orb of fire
  3365 | D        | Killed a balrug
  3365 | D        | Gained mutation: You are resistant to electric shocks. (rElec) [an orb of fire]
  3367 | D        | Noticed a fire giant
  3368 | D        | Killed a fire giant
  3376 | D        | Killed an orb of fire
  3640 | D        | Entered arena 21.
  3643 | D        | Noticed a starcursed mass
  3643 | D        | Noticed a starcursed mass
  3644 | D        | Noticed a tentacled starspawn
  3645 | D        | Noticed a quicksilver dragon
  3645 | D        | Noticed a tentacled starspawn
  3646 | D        | Killed a tentacled starspawn
  3646 | D        | Reached XP level 15. HP: 128/162 MP: 30/30
  3646 | D        | Killed a quicksilver dragon
  3648 | D        | Killed a tentacled starspawn
  3976 | D        | Got the amulet "Fuwid" {Harm *Drain Str+4}
  3993 | D        | Entered arena 22.
  3998 | D        | Noticed an Executioner
  3998 | D        | Noticed Jumasuw the pandemonium lord
  3998 | D        | Noticed Tephiod the pandemonium lord
  3998 | D        | Noticed Usumaps the pandemonium lord
  3998 | D        | Noticed Acifufania the pandemonium lord
  3999 | D        | Noticed Keyddulo the pandemonium lord
  3999 | D        | Noticed Beemm the pandemonium lord
  4000 | D        | Noticed Lesium the pandemonium lord
  4000 | D        | Noticed Zushod the pandemonium lord
  4000 | D        | Noticed Nuihop the pandemonium lord
  4000 | D        | Noticed Zofad the pandemonium lord
  4000 | D        | Noticed Lyqog the pandemonium lord
  4000 | D        | Noticed Qellu the pandemonium lord
  4000 | D        | Noticed Buxelet the pandemonium lord
  4000 | D        | Noticed Heapumea the pandemonium lord
  4001 | D        | Noticed an Executioner
  4002 | D        | Noticed Hocule Taus the pandemonium lord
  4002 | D        | Noticed Bywe the pandemonium lord
  4002 | D        | Killed an Executioner
  4003 | D        | Noticed a Brimstone Fiend
  4003 | D        | Noticed Iginom the pandemonium lord
  4003 | D        | Noticed Siny Omp the pandemonium lord
  4003 | D        | Noticed Vin Fuof the pandemonium lord
  4003 | D        | Killed Tephiod the pandemonium lord
  4003 | D        | Killed an Executioner
  4003 | D        | Killed Bywe the pandemonium lord
  4003 | D        | Killed Zofad the pandemonium lord
  4003 | D        | Killed Nuihop the pandemonium lord
  4003 | D        | Killed Qellu the pandemonium lord
  4003 | D        | Reached XP level 16. HP: 140/176 MP: 19/32
  4003 | D        | Killed Lesium the pandemonium lord
  4003 | D        | Killed Heapumea the pandemonium lord
  4004 | D        | Killed Beemm the pandemonium lord
  4004 | D        | Killed Usumaps the pandemonium lord
  4004 | D        | Killed Zushod the pandemonium lord
  4004 | D        | Killed Hocule Taus the pandemonium lord
  4004 | D        | Reached skill level 27 in Invocations
  4004 | D        | Killed Vin Fuof the pandemonium lord
  4004 | D        | Killed Buxelet the pandemonium lord
  4004 | D        | Killed Iginom the pandemonium lord
  4004 | D        | Killed Siny Omp the pandemonium lord
  4006 | D        | Noticed Doqeabiogu the pandemonium lord
  4006 | D        | Killed Jumasuw the pandemonium lord
  4006 | D        | Reached XP level 17. HP: 132/192 MP: 6/34
  4013 | D        | Killed Keyddulo the pandemonium lord
  4013 | D        | Reached skill level 27 in Armour
  4013 | D        | Reached skill level 27 in Shields
  4022 | D        | Killed Doqeabiogu the pandemonium lord
  4034 | D        | Killed Acifufania the pandemonium lord
  4034 | D        | Reached skill level 27 in Axes
  4045 | D        | Killed Lyqog the pandemonium lord
  4208 | D        | Got the ring "Aheug" {rF+ MR+ Str-3 Dex+8 Stlth+}
  4212 | D        | Got the ring "Cimmoiku" {rPois Dex+3}
  4219 | D        | Got the amulet "Fuporeic" {Inacc Dex+3}
  4230 | D        | Got the ring of Duffuges {rCorr Str+3}
  4246 | D        | Entered arena 23.
  4251 | D        | Noticed an Ice Fiend
  4251 | D        | Noticed an ancient lich
  4252 | D        | Noticed a shard shrike
  4252 | D        | Noticed an Ice Fiend
  4253 | D        | Killed a shard shrike
  4253 | D        | Killed an ancient lich
  4253 | D        | Killed an Ice Fiend
  4259 | D        | Noticed an Ice Fiend
  4261 | D        | Killed an Ice Fiend
  4261 | D        | Reached skill level 27 in Fighting
  4261 | D        | Reached skill level 1 in Dodging
  4261 | D        | Reached skill level 1 in Spellcasting
  4261 | D        | Killed an Ice Fiend
  4261 | D        | Reached skill level 5 in Dodging
  4261 | D        | Reached skill level 5 in Spellcasting
  4261 | D        | Gained mutation: You passively map a large area around you. [Deep Dwarf growth]
  4261 | D        | Reached XP level 18. HP: 72/218 MP: 28/35
  4592 | D        | Got the amulet of Luowut {Harm *Drain rElec Int+3 Dex+3}
  4604 | D        | Got the ring "Janomud" {rPois rF+ Str+8 Dex+4 Stlth-}
  4615 | D        | Got the ring "Zesyng" {MP+9 Dex+4}
  4814 | D        | Entered arena 24.
  4821 | D        | Reached skill level 10 in Dodging
  4893 | D        | Got the ring "Toesch" {Str-4 Int+3 Dex+7 SInv}
  4901 | D        | Got the ring "Kic Byrch" {MR+ SInv}
  4904 | D        | Entered arena 25.
  4916 | D        | Reached skill level 10 in Spellcasting
  4921 | D        | Noticed a lich
  4924 | D        | Noticed an ancient lich
  4925 | D        | Noticed a lich
  4929 | D        | Noticed an ancient lich
  4929 | D        | Noticed a lich
  4932 | D        | Noticed an ancient lich
  4932 | D        | Killed a lich
  4932 | D        | Reached skill level 15 in Dodging
  4932 | D        | Killed a lich
  4932 | D        | Killed a lich
  4932 | D        | Killed an ancient lich
  4935 | D        | Killed an ancient lich
  4935 | D        | Killed an ancient lich
  4935 | D        | Reached skill level 15 in Spellcasting
  5221 | D        | Got the ring of Okawaru's Fury {Wiz rElec MR+ Dex-3 SInv}
  5233 | D        | Got the ring "Woypsanu" {rN+ Str-4 Int+3 SInv}
  5297 | D        | Entered arena 26.
  5306 | D        | Reached XP level 19. HP: 146/226 MP: 41/41
  5875 | D        | Got the ring "Unluibb" {rN+ Int+4}
  5883 | D        | Got the amulet of Xom's Sleight of Hands {+Fly Regen+}
  5889 | D        | Got the ring "Rehuxkid" {rPois Str+6}
  5906 | D        | Got the ring "Erefixuc" {rCorr rN+ Dex+5}
  5924 | D        | Got the ring "Xeqapride" {+Fly Int+3}
  6187 | D        | Entered arena 27.
  6195 | D        | Noticed a pearl dragon
  6196 | D        | Noticed a pearl dragon
  6196 | D        | Noticed a pearl dragon
  6196 | D        | Noticed a pearl dragon
  6197 | D        | Noticed a pearl dragon
  6197 | D        | Noticed a pearl dragon
  6198 | D        | Reached skill level 5 in Evocations
  6198 | D        | Killed a pearl dragon
  6198 | D        | Killed a pearl dragon
  6198 | D        | Reached skill level 27 in Dodging
  6198 | D        | Reached skill level 10 in Evocations
  6198 | D        | Killed a pearl dragon
  6198 | D        | Reached skill level 15 in Evocations
  6198 | D        | Killed a pearl dragon
  6198 | D        | Reached XP level 20. HP: 84/236 MP: 48/48
  6198 | D        | Killed a pearl dragon
  6198 | D        | Noticed a pearl dragon
  6200 | D        | Noticed a pearl dragon
  6200 | D        | Killed a pearl dragon
  6200 | D        | Killed a pearl dragon
  6200 | D        | Reached skill level 27 in Spellcasting
  6209 | D        | Killed a pearl dragon
  6210 | D        | Killed a pearl dragon
  6234 | D        | Reached skill level 27 in Evocations
  6552 | D        | Got the ring of Kerghu {rPois rF+ SInv Stlth+}
  6667 | D        | Got the Orb of Zot
  6722 | D        | Reached skill level 1 in Throwing
  6722 | D        | Reached skill level 1 in Unarmed Combat
  7119 | D        | Reached skill level 5 in Throwing
  7119 | D        | Reached skill level 5 in Unarmed Combat
  8359 | D        | Noticed Dool Dya the pandemonium lord
  8360 | D        | Reached skill level 10 in Throwing
  8360 | D        | Reached skill level 10 in Unarmed Combat
  8363 | D        | Killed Dool Dya the pandemonium lord
  8913 | D        | Noticed Gurilait the pandemonium lord
  8913 | D        | Noticed an ancient lich
  8918 | D        | Killed an ancient lich
  8930 | D        | Killed Gurilait the pandemonium lord
 10043 | D        | Noticed Oxtiduve the pandemonium lord
 10045 | D        | Reached skill level 15 in Throwing
 10045 | D        | Reached skill level 15 in Unarmed Combat
 10061 | D        | Killed Oxtiduve the pandemonium lord
 10061 | D        | Reached XP level 21. HP: 125/244 MP: 51/51
 10146 | D        | Escaped with the Orb!

Vault maps used:
D:        sprint_v

Skill      XL: |  1  2  3  4  5  6  7  8  9 10 11 12 13 14 15 16 17 18 19 20 |
---------------+-------------------------------------------------------------+-----
Fighting       | 4 6 7 8 9 10 11 13 14 15 17 19 22 27 | 27.0
Axes           | 5 6 8 9 10 11 13 14 16 18 20 22 25 27 | 27.0
Armour         | 5 7 8 9 10 13 15 17 19 20 22 24 26 27 | 27.0
Shields        | 5 7 8 9 10 11 13 16 18 20 22 24 26 27 | 27.0
Invocations    | 5 7 9 10 11 13 15 17 18 21 23 25 27 | 27.0
Dodging        | 7 22 27 | 27.0
Spellcasting   | 5 18 25 27 | 27.0
Evocations     | 17 27 | 27.0
Throwing       | 15 | 15.6
Unarmed Combat | 15 | 15.6

Action                   |  1- 3 |  4- 6 |  7- 9 | 10-12 | 13-15 | 16-18 | 19-21 || total
-------------------------+-------+-------+-------+-------+-------+-------+-------++-------
Melee: Broad axe         |     5 |    16 |    25 |    20 |    85 |    81 |   159 ||   391
Invok: Upheaval          |       |       |     2 |     9 |     7 |     7 |     4 ||    29
       Disaster Area     |       |       |       |     5 |     9 |     7 |     9 ||    30
 Abil: Evoke Flight      |       |       |       |       |     1 |       |       ||     1
       Device Recharging |       |       |       |       |       |       |     1 ||     1
Evoke: Wand              |       |       |     1 |       |       |     4 |    10 ||    15
  Use: Potion            |       |       |       |     3 |     6 |     7 |     1 ||    17
       Scroll            |       |       |       |       |       |     5 |     2 ||     7
 Stab: Distracted        |       |       |       |       |       |     3 |     1 ||     4
  Eat: Fruit             |       |       |     1 |     1 |       |       |       ||     2
       Meat ration       |       |       |       |     2 |       |     1 |     1 ||     4
       Royal jelly       |       |       |       |       |       |       |     2 ||     2
       Bread ration      |       |       |       |       |       |       |     1 ||     1
Armor: Plate armour      |     1 |    12 |    20 |     3 |    35 |    13 |       ||    84
       Gold dragon scale |       |       |       |       |       |     3 |    12 ||    15
Dodge: Dodged            |       |     2 |       |       |     5 |     4 |    36 ||    47
       Deflected         |       |       |       |       |       |     2 |     2 ||     4
Block: Shield            |     4 |    37 |    67 |    29 |   145 |   101 |   184 ||   567
